 Dungeon Crawl Stone Soup version 0.23.2 (webtiles) character file.

Game seed: 14647754110955513073

53 FakeJameh the Scratcher (level 3, -4/17 HPs)
             Began as a Felid Chaos Knight on Apr 29, 2019.
             Was a Plaything of Xom.
             Slain by an ice beast (14 damage)
             ... on level 2 of the Dungeon.
             The game lasted 00:10:12 (1468 turns).

FakeJameh the Scratcher (Felid Chaos Knight)        Turns: 1468, Time: 00:10:12

Health: -4/17      AC:  1    Str:  8    XL:     3   Next: 62%
Magic:  4/4        EV: 19    Int: 14    God:    Xom [......]
Gold:   131        SH:  0    Dex: 15    Spells: 2/2 levels left
                                        Lives:  0   Deaths: 0

rFire    . . .     SeeInvis +     - Unarmed
rCold    . . .     Gourm    .   (shield unavailable)
rNeg     . . .     Faith    .   (armour unavailable)
rPois    .         Spirit   .   (helmet unavailable)
rElec    .         Reflect  .   (cloak unavailable)
rCorr    .         Harm     .   (gloves unavailable)
MR       .....                  (boots unavailable)
Stlth    ++........             (no amulet)
HPRegen  0.05/turn              (no ring)
MPRegen  0.09/turn              (no ring)

@: quick
A: very small, no armour, no weapons or thrown items, stealth, claws 1, fangs 3,
see invisible, carnivore, speed 1, shaggy fur 1, slow metabolism 1, sharp paws
a: Renounce Religion


You were on level 2 of the Dungeon.
You worshipped Xom.
You were a very special plaything of Xom.
You were completely stuffed.

You visited 1 branch of the dungeon, and saw 2 of its levels.

You collected 131 gold pieces.

Inventory:

Scrolls
 b - 2 scrolls of identify {unknown}
 f - a scroll of amnesia {unknown}
 h - 2 scrolls of fear {unknown}
 i - a scroll of enchant weapon {unknown}
 m - 2 scrolls of remove curse {unknown}
Potions
 c - 2 potions of flight
 d - 3 potions of heal wounds {unknown}
 e - a potion of degeneration {unknown}
 g - a potion of brilliance {unknown}
 j - a potion of resistance {unknown}
 k - a potion of curing {unknown}
Comestibles
 a - 3 rations
 l - 2 chunks of flesh


   Skills:
 + Level 3.3 Fighting
 + Level 3.7 Dodging
 + Level 1.1 Stealth
 - Level 4.0 Unarmed Combat


You had 2 spell levels left.
You didn't know any spells.
Your spell library contained the following spells:

 Spells                   Type           Power        Failure   Level  Hunger
 Confusing Touch          Hex            #.....       28%         1    ##.....
 Confuse                  Hex            #.......     65%         3    ####...
 Gell's Gravitas          Tloc           #.........   65%         3    ####...
 Petrify                  Tmut/Erth      #.......     96%         4    #####..
 Metabolic Englaciation   Hex/Ice        #.........   100%        5    ######.
 Yara's Violent Unravell  Hex/Tmut       #.........   100%        5    ######.


Dungeon Overview and Level Annotations

Branches:
Dungeon (2/15)

Altars:
Vehumet


Innate Abilities, Weirdness & Mutations

You cannot wear armour.
You are incapable of wielding weapons or throwing items.
Your paws allow you to move quietly. (Stealth)
You have sharp claws.
You have razor-sharp teeth.
You have supernaturally acute eyesight. (SInv)
You are carnivorous and can eat meat at any time.
You cover ground quickly.
You are covered in fur. (AC +1)
You have a slow metabolism.
Your sharp claws are effective at attacking unaware monsters.


Message History

You barely miss the worm.
The worm is severely wounded.
You scratch the worm.
You kill the worm!
You see here a worm corpse.
Found a stone staircase leading down.
An ice beast comes into view.
Found a scroll labeled OCHEIL FIJEOS.
There is a stone staircase leading up here.
An ice beast is nearby!
You see here a scroll labeled OCHEIL FIJEOS.
You scratch the ice beast.
The ice beast is lightly wounded.
The ice beast completely misses you.
You closely miss the ice beast.
The ice beast is lightly wounded.
The ice beast hits you. The ice beast freezes you!
Ouch! That really hurt!
You die...
Xom chuckles heartily!

#..# #..#######.#
#..# #..# #..# #..#
#..) #..### #...
..##.. ##.##.# #.#
####.##.####
......Y@...#
.###..####<########
#. #.......># #
#.######.# #.#
#.#####†#
#.......#######
#..#..........#######
##########........


You could see an ice beast.

Vanquished Creatures
  An ooze (D:2)
  2 worms (D:2)
  2 dart slugs (D:1)
  3 bats
  3 giant cockroaches
  3 goblins (D:1)
  5 hobgoblins (D:1)
  3 jackals (D:1)
  A quokka (D:2)
  3 frilled lizards (D:1)
  4 kobolds (D:1)
  6 rats (D:1)
36 creatures vanquished.

Notes
Turn   | Place    | Note
-------+----------+-------------------------------------------
     0 | D:1      | FakeJameh the Felid Chaos Knight began the quest for the
                  | Orb.
     0 | D:1      | Reached XP level 1. HP: 10/10 MP: 2/2
   141 | D:1      | XOM: harmless Air miscast
   147 | D:1      | XOM: potion effect (agility)
   275 | D:1      | Reached XP level 2. HP: 12/14 MP: 3/3
   284 | D:1      | XOM: silly message
   557 | D:1      | XOM: harmless Hex miscast
   812 | D:1      | Reached XP level 3. HP: 17/17 MP: 4/4
   963 | D:1      | XOM: divination: magic mapping
  1029 | D:2      | XOM: harmless Fire miscast
  1036 | D:2      | Found a radiant altar of Vehumet.
  1242 | D:2      | XOM: fog
  1253 | D:2      | XOM: chaos cloud
  1260 | D:2      | Reached skill level 4 in Unarmed Combat
  1269 | D:2      | Paralysed by you for 7 turns
  1344 | D:2      | XOM: 1-stop teleportation journey
  1419 | D:2      | Reached skill level 1 in Stealth
  1463 | D:2      | Noticed an ice beast
  1468 | D:2      | Slain by an ice beast

Skill      XL: |  1  2  3 |
---------------+----------+-----
Unarmed Combat | 4 |  4.0
Stealth        | 1 |  1.1
Fighting       | |  3.3
Dodging        | |  3.7

Action                   || total
-------------------------++-------
Melee: Unarmed           ||   129
       Bite              ||    15
       Punch             ||     1
  Use: Potion            ||     1
 Stab: Sleeping          ||     3
       Paralysed         ||     1
  Eat: Chunk             ||     8
Armor: Skin              ||     8
Dodge: Dodged            ||    83
